 Dungeon Crawl Stone Soup version 0.30-a0-782-ge64f9170bb (webtiles) character file.

Game seed: 11970144515449603460

9394 kingofthe the Nimble (level 11, -1/54 HPs)
             Began as a Deep Elf Conjurer on Feb 18, 2023.
             Was a Priest of Sif Muna.
             Killed from afar by a steam dragon (21 damage)
             ... with a ball of steam
             ... on level 10 of the Dungeon on Feb 19, 2023.
             The game lasted 01:16:28 (14566 turns).

kingofthe the Nimble (Deep Elf Conjurer)           Turns: 14566, Time: 01:16:28

Health: -1/54      AC:  6    Str:  4    XL:     11   Next: 22%
Magic:  35/35      EV: 20    Int: 24    God:    Sif Muna [***...]
Gold:   523        SH:  5    Dex: 23    Spells: 8/28 levels left

rFire   . . .      SeeInvis .    b - staff of conjuration {!a!a}
rCold   . . .      Faith    .    t - +0 buckler
rNeg    . . .      Spirit   .    r - +0 robe
rPois   .          Reflect  .    B - +0 helmet
rElec   .          Harm     .    z - +0 cloak
rCorr   .          Rampage  .    g - +1 pair of gloves
Will    +....                    (no boots)
Stlth   ++++                     v - amulet of magic regeneration
HPRegen 0.29/turn                D - +6 ring of dexterity
MPRegen 0.64/turn                M - ring of magical power

@: no status effects
A: no striking features
a: Renounce Religion, Channel Magic, Forget Spell


You were on level 10 of the Dungeon.
You worshipped Sif Muna.
Sif Muna was most pleased with you.
You visited 2 branches of the dungeon, and saw 11 of its levels.
You also visited: Bailey.

You collected 796 gold pieces.
You spent 273 gold pieces at shops.


   Skills:
 * Level 10.5 Dodging
 + Level 8.2 Stealth
 * Level 1.2 Shields
 + Level 9.2 Spellcasting
 + Level 8.3 Conjurations
 + Level 7.1 Hexes
 * Level 6.4 Fire Magic
 - Level 2.0 Air Magic
 - Level 5.0 Poison Magic
 * Level 4.4 Invocations


You had 8 spell levels left.
You knew the following spells:

 Your Spells              Type           Power      Damage    Failure   Level
a - Magic Dart            Conj           100%       1d8       1%          1
b - Searing Ray           Conj           100%       2d8       1%          2
c - Mephitic Cloud        Conj/Pois/Air  52%        N/A       2%          3
d - Dazzling Flash        Conj/Hex       100%       N/A       1%          3
f - Fulminant Prism       Conj/Hex       32%        3d16      3%          4
y - Apportation           Tloc           22%        N/A       8%          1
X - Scorch                Fire           84%        2d9       1%          2
Y - Flame Wave            Conj/Fire      63%        2d15      3%          4

Your spell library contained the following spells:

 Spells                   Type           Power      Damage    Failure   Level
 Portal Projectile        Hex/Tloc       56%        N/A       5%          3
 Call Imp                 Summ           11%        N/A       12%         2
 Iskenderun's Mystic Bla  Conj/Tloc      46%        2d10      13%         4
 Leda's Liquefaction      Hex/Erth       14%        N/A       17%         4
 Call Canine Familiar     Summ           11%        N/A       22%         3
 Manifold Assault         Tloc           11%        N/A       58%         4
 Alistair's Intoxication  Tmut/Pois      15%        N/A       58%         5
 Conjure Ball Lightning   Conj/Air       26%        3x3d7     80%         6
 Dispersal                Tloc           5%         N/A       100%        6
 Summon Cactus Giant      Summ           5%         N/A       100%        6
 Discord                  Hex            22%        N/A       100%        8
 Disjunction              Tloc           5%         N/A       100%        8

Inventory:

Hand Weapons
 a - the +4 whip of Entymu {flame, rElec Str-3 Int+5 SInv}
   (You found it on level 2 of the Dungeon)

   Str:       It affects your strength (-3).
   Int:       It affects your intelligence (+5).
   rElec:     It insulates you from electricity.
   SInv:      It lets you see invisible.
 q - a +1 dagger of venom
 x - a +1 dagger of speed
 C - a +1 spear of venom
 Q - a +1 trident of flaming
Missiles
 E - 2 throwing nets {=f=f}
Armour
 g - a +1 pair of gloves (worn)
 i - a scarf of resistance
 r - a +0 robe (worn)
 t - a +0 buckler (worn)
 z - a +0 cloak (worn)
 B - a +0 helmet (worn)
 I - an orb of energy
Magical Staves
 b - a staff of conjuration (weapon) {!a!a}
 N - a staff of earth {!a!a}
Jewellery
 v - an amulet of magic regeneration (around neck)
 D - a +6 ring of dexterity (left hand)
 F - a ring of protection from fire
 L - a ring of flight
 M - a ring of magical power (right hand)
 Y - a +4 ring of slaying
Wands
 S - a wand of mindburst (18)
 V - a wand of polymorph (5)
 W - a wand of digging (15)
Scrolls
 h - 2 scrolls of poison {unknown}
 j - 5 scrolls of vulnerability
 k - 4 scrolls of amnesia
 l - 3 scrolls of noise
 o - 2 scrolls of enchant weapon
 p - 5 scrolls of teleportation {@r2@r2}
 y - 3 scrolls of immolation
 A - a scroll of butterflies {unknown}
 G - a scroll of fog {unknown}
 J - a scroll of fear
 K - a scroll of enchant armour
 R - a scroll of brand weapon {unknown}
Potions
 c - 6 potions of curing {@q1@q1}
 d - a potion of invisibility
 e - 4 potions of might
 f - 3 potions of flight
 m - 2 potions of heal wounds {@q2@q2}
 n - a potion of degeneration {unknown}
 s - 3 potions of lignification
 u - 2 potions of ambrosia
 w - 2 potions of haste {@q3@q3}
 H - 2 potions of brilliance {unknown}
 O - 3 potions of magic
 P - a potion of mutation {unknown}
 T - a potion of resistance {unknown}
 U - 4 potions of attraction

Dungeon Overview and Level Annotations

Branches:
Dungeon (10/15)            Temple (1/1) D:5          Bailey (visited)
   Lair: D:8-11         Orc: D:9-12

Altars:
Ashenzari
Cheibriados
Dithmenos
Elyvilon
Fedhas
Gozag
Hepliaklqana
Kikubaaqudgha
Makhleb
Nemelex Xobeh
Okawaru
Qazlal
Ru
Sif Muna
Trog
Uskayaw
Vehumet
Wu Jian
Xom
Yredelemnul
Zin
The Shining One

Shops:
D:4 **[   D:5 *!!   D:9 :

Annotations:
D:8 exclusion: downstairs
D:9 2 transporters

############# #
#.........#.#
###.#######.#.# ##
#([...# #.#.######....
#.#<#.#.###.#.##...'...h
#.#.#.#.......#>@#
'.#.#.###.###.§§##
###.#.. #. #§### # #.###
. !... #.. >........ ###
##..D.S.~.~ ....~~.~.~≈
...~≈≈.S.≈≈~
...≈≈≈~~.~~~~


You could see a hound (wandering).


Message History

Casting: Scorch (safe; 1% risk of failure)
Confirm with . or Enter, or press ? or * to list all spells.
Flames lash the vampire mosquito.
The vampire mosquito is burned terribly!
You destroy the vampire mosquito!
Sif Muna accepts your kill.
You now have 30/35 mp.
You start resting.
Magic restored.
An electric eel comes into view.
You regained 6 hp, and now have 53/54 hp.
MP restored: 35
Casting: Scorch (safe; 1% risk of failure)
Confirm with . or Enter, or press ? or * to list all spells.
You can't see any susceptible monsters within range! (Use Z to cast anyway.)
A steam dragon comes into view.
Health restored: 54 The electric eel shoots out a bolt of lightning at you!
The bolt of electricity hits you! x2
The steam dragon hisses angrily.
You take 20 damage, and have 34/54 hp.
MASSIVE DAMAGE!!
The electric eel shoots out a bolt of lightning at you!
The bolt of electricity misses you. The bolt of electricity hits you!
* * * LOW HITPOINT WARNING * * *
There is an escape hatch in the floor here.
You take 15 damage, and have 19/54 hp.
MASSIVE DAMAGE!!
A hound comes into view.
The steam dragon breathes steam at you. The ball of steam hits you!!
You die...

Skill      XL: |  1  2  3  4  5  6  7  8  9 10 11 |
---------------+----------------------------------+-----
Spellcasting   | 4 5 6 7 8 9 |  9.2
Dodging        | 3 4 6 7 9 10 | 10.5
Stealth        | 3 4 5 7 8 |  8.2
Conjurations   | 5 6 7 8 |  8.3
Poison Magic   | 2 3 4 5 |  5.0
Air Magic      | 1 2 |  2.0
Hexes          | 4 5 6 7 |  7.1
Fire Magic     | 4 6 |  6.4
Invocations    | 3 4 |  4.4
Shields        | 1 |  1.2

Action                     |  1- 3 |  4- 6 |  7- 9 | 10-12 || total
---------------------------+-------+-------+-------+-------++-------
  Melee: Unarmed           |     1 |       |       |       ||     1
         Whip              |       |     4 |       |       ||     4
   Cast: Magic Dart        |    54 |    85 |   143 |    58 ||   340
         Searing Ray       |     2 |    27 |    75 |    38 ||   142
         Mephitic Cloud    |       |       |    21 |    25 ||    46
         Scorch            |       |       |    16 |    24 ||    40
         Fulminant Prism   |       |       |       |    24 ||    24
         Flame Wave        |       |       |       |     4 ||     4
    Use: Scroll            |       |     1 |    10 |     6 ||    17
         Potion            |       |       |     5 |       ||     5
 Armour: Robe              |     2 |     7 |     9 |    14 ||    32
  Dodge: Dodged            |     4 |     8 |    71 |    83 ||   166
  Block: Buckler           |       |     6 |    19 |    26 ||    51

Levels and vault maps discovered:
D:1:      dpeg_arrival_rooms_with_view, layout_basic, minmay_tiny_reverse_x
D:2:      layout_basic, hellmonk_ecumenical_altar_zigzags,
          chequers_serial_rivers_small_b, corexii_hall_statues_i,
          uniq_crazy_yiuf_cottage
D:3:      layout_loops_ring, ebering_ghost_sewer_d,
          kennysheep_decorative_pillar, uniq_robin
D:4:      layout_basic, kennysheep_little_box, grunt_ministairs_2,
          nicolae_shop_dragon_depot, nicolae_specific_store
D:5:      layout_basic, mainiacjoe_overflow_cross_hatched,
          nicolae_yredelemnul_corpse_copse,
          minmay_temple_entry_statues_fountains, serial_shops,
          nicolae_lakefront_shop, shop, nicolae_shop_crystal
D:6:      layout_layer_cave, okawaru_trees_1
D:7:      layout_gridville, hangedman_decor_points
D:8:      layout_loops_ring, mainiacjoe_overflow_six_doors_small, enter_bailey_5
D:9:      layout_loops_corners, gammafunk_temple_overflow_arena,
          mainiacjoe_overflow_concentric_impassable,
          nicolae_wu_jian_wuxing_cycle, nicolae_shop_vocational, uniq_grum
D:10:     layout_roguey, erik_lair_island, uniq_psyche
Temple:   nicolae_temple_bog_church

Notes
Turn   | Place    | Note
-------+----------+-------------------------------------------
     0 | D:1      | kingofthe the Deep Elf Conjurer began the quest for the
                  | Orb.
     0 | D:1      | Reached XP level 1. HP: 10/10 MP: 6/6
   229 | D:1      | Reached XP level 2. HP: 15/15 MP: 5/8
   258 | D:1      | Learned a level 2 spell: Searing Ray
   262 | D:1      | Reached skill level 4 in Spellcasting
   818 | D:1      | Reached XP level 3. HP: 19/19 MP: 8/10
  1154 | D:2      | Identified the +4 whip of Entymu {flame, rElec Str-3 Int+5
                  | SInv}
  1201 | D:2      | You fall into a shaft and drop 2 floors!
  1265 | D:4      | Found Xoept's Specific Store.
  1266 | D:4      | Found Goticu's General Store.
  1285 | D:4      | Reached skill level 3 in Dodging
  1371 | D:4      | Reached XP level 4. HP: 12/24 MP: 2/12
  1375 | D:4      | Reached skill level 3 in Stealth
  1685 | D:4      | Reached skill level 5 in Spellcasting
  1685 | D:4      | Reached skill level 5 in Conjurations
  1685 | D:4      | Reached XP level 5. HP: 28/28 MP: 6/14
  1830 | D:2      | Reached skill level 4 in Dodging
  1959 | D:2      | Learned a level 3 spell: Mephitic Cloud
  2084 | D:2      | Learned a level 1 spell: Apportation
  2188 | D:2      | Found a faded altar of an unknown god.
  2325 | D:2      | Found a runed translucent door.
  2326 | D:2      | Noticed Crazy Yiuf
  2752 | D:3      | Found a runed translucent door.
  2758 | D:3      | Noticed souper's ghost (amateur DsHu)
  2839 | D:3      | Reached XP level 6. HP: 32/32 MP: 16/16
  2880 | D:3      | Noticed Robin
  2884 | D:3      | Killed Robin
  2911 | D:3      | Reached skill level 1 in Poison Magic
  3321 | D:4      | Reached skill level 1 in Air Magic
  3346 | D:4      | Found a shimmering altar of Xom.
  3790 | D:4      | Found Marduk's Dragon-Slaying Spoils.
  3916 | D:5      | Entered Level 5 of the Dungeon
  4059 | D:5      | Reached skill level 4 in Stealth
  4059 | D:5      | Reached skill level 2 in Poison Magic
  4066 | D:5      | Found a staircase to the Ecumenical Temple.
  4112 | Temple   | Entered the Ecumenical Temple
  4124 | Temple   | Became a worshipper of Sif Muna the Loreminder
  4308 | D:5      | Found Xumiwyps's Distillery.
  4311 | D:5      | Bought 2 potions of curing for 78 gold pieces
  4344 | D:5      | Reached XP level 7. HP: 8/36 MP: 17/17
  4458 | D:5      | Learned a level 3 spell: Dazzling Flash
  4523 | D:5      | Reached skill level 5 in Dodging
  4523 | D:5      | Reached skill level 2 in Air Magic
  4552 | D:5      | Found Utullit's Assorted Antiques.
  4590 | D:5      | Reached skill level 6 in Spellcasting
  4612 | D:5      | Reached skill level 3 in Poison Magic
  4676 | D:5      | Reached skill level 6 in Conjurations
  4819 | D:5      | Reached skill level 6 in Dodging
  4821 | D:5      | Reached XP level 8. HP: 39/41 MP: 19/19
  4869 | D:5      | Found a glowing silver altar of Zin.
  4913 | D:5      | Reached skill level 4 in Poison Magic
  4917 | D:5      | Reached skill level 5 in Stealth
  4957 | D:5      | Found Gumeciumn's Distillery.
  4970 | D:5      | Learned a level 4 spell: Fulminant Prism
  5041 | D:5      | Found a basalt altar of Yredelemnul.
  5068 | D:5      | Reached skill level 1 in Hexes
  5321 | D:6      | Found an iron altar of Okawaru.
  5411 | D:6      | Reached * piety under Sif Muna
  5424 | D:6      | Reached skill level 2 in Hexes
  5816 | D:6      | Reached skill level 7 in Dodging
  5973 | D:6      | Reached skill level 7 in Spellcasting
  5973 | D:6      | Reached skill level 3 in Hexes
  6861 | D:7      | Reached skill level 4 in Hexes
  6861 | D:7      | Reached XP level 9. HP: 45/45 MP: 21/21
  7071 | D:7      | Reached skill level 6 in Stealth
  7071 | D:7      | Reached skill level 5 in Poison Magic
  7159 | D:7      | Learned a level 2 spell: Scorch
  7602 | D:8      | Found a flagged portal.
  7628 | Bailey   | Entered a bailey
  7692 | Bailey   | Reached skill level 7 in Conjurations
  7692 | Bailey   | Reached skill level 1 in Fire Magic
  7695 | Bailey   | Noticed an orc knight
  7749 | Bailey   | Reached ** piety under Sif Muna
  7749 | Bailey   | Killed an orc knight
  7750 | Bailey   | Reached skill level 8 in Dodging
  7750 | Bailey   | Reached skill level 5 in Hexes
  7750 | Bailey   | Reached skill level 2 in Fire Magic
  7911 | Bailey   | Reached skill level 3 in Fire Magic
  7918 | Bailey   | HP: 4/45 [orc warrior/+0 war axe (16)]
  8107 | D:8      | Reached skill level 8 in Spellcasting
  8209 | D:8      | HP: 3/45 [poisoned by a killer bee]
  8307 | D:8      | Found a shadowy altar of Dithmenos.
  8533 | D:8      | Reached skill level 9 in Dodging
  8739 | D:8      | Identified a scarf of resistance
  8763 | D:8      | Reached skill level 7 in Stealth
  8763 | D:8      | Reached skill level 4 in Fire Magic
  8763 | D:8      | Reached XP level 10. HP: 50/50 MP: 24/24
  8776 | D:8      | Learned a level 4 spell: Flame Wave
  9168 | D:8      | Found a shadowy altar of Dithmenos.
  9702 | D:9      | Found a transporter.
  9709 | D:9      | Noticed an ogre mage
  9773 | D:9      | Noticed a cyclops
  9822 | D:9      | Noticed a two-headed ogre
  9922 | D:9      | Reached skill level 6 in Hexes
  9922 | D:9      | Reached skill level 1 in Invocations
  9929 | D:9      | Noticed a cyclops
 10048 | D:8      | Noticed a smoke demon
 10052 | D:8      | Noticed an orange demon
 10207 | D:8      | Found a shadowy altar of Dithmenos.
 10268 | D:9      | Found Jiosoj's Vocational Training.
 10733 | D:9      | Noticed an orange demon
 10745 | D:9      | Reached skill level 2 in Invocations
 10824 | D:8      | Reached skill level 5 in Fire Magic
 10931 | D:9      | Found a transporter.
 11126 | D:9      | Found an ornate altar of the Wu Jian Council.
 11192 | D:9      | Noticed Grum
 11201 | D:9      | Killed Grum
 11210 | D:9      | Reached skill level 8 in Conjurations
 11258 | D:9      | Found a stormy altar of Qazlal.
 11259 | D:9      | Found a sparkling altar of Nemelex Xobeh.
 11259 | D:9      | Found a sacrificial altar of Ru.
 11312 | D:9      | Reached *** piety under Sif Muna
 11322 | D:9      | Found a bloodstained altar of Trog.
 11466 | D:9      | Killed a two-headed ogre
 11467 | D:9      | Reached skill level 10 in Dodging
 11467 | D:9      | Reached skill level 3 in Invocations
 11473 | D:9      | Reached skill level 9 in Spellcasting
 11718 | D:9      | Noticed a two-headed ogre
 11957 | D:9      | Killed a two-headed ogre
 11958 | D:9      | Reached skill level 6 in Fire Magic
 12042 | D:9      | Reached skill level 8 in Stealth
 13146 | D:3      | Killed souper's ghost
 13147 | D:3      | Reached XP level 11. HP: 52/54 MP: 26/26
 13247 | D:4      | Bought a scroll of teleportation for 39 gold pieces
 13250 | D:4      | Bought a scroll of identify for 26 gold pieces
 13327 | D:5      | Bought a knobbly bronze ring for 130 gold pieces
 13965 | D:10     | Entered Level 10 of the Dungeon
 14061 | D:10     | Reached skill level 4 in Invocations
 14211 | D:9      | Reached skill level 7 in Hexes
 14426 | D:10     | Reached skill level 1 in Shields
 14566 | D:10     | Killed from afar by a steam dragon

Vanquished Creatures
  2 two-headed ogres (D:9)
  An orc knight (Bailey)
  A cyclops (D:9)
  4 kobold demonologists
  A komodo dragon (D:10)
  A wraith (D:9)
  4 yaks (D:8)
  A steam dragon (D:8)
  2 vampire mosquitoes
  Grum (D:9)
  An acid dragon (D:9)
  2 sky beasts (D:6)
  2 ogres
  A black bear (D:7)
  2 ice beasts
  6 wolves
  The ghost of souper the Shooter, an amateur DsHu (D:3)
  2 centaurs
  2 phantoms
  12 kobold brigands
  4 bullfrogs
  A scorpion (D:5)
  A necrophage (D:2)
  2 gnoll sergeants (D:9)
  10 killer bees
  4 howler monkeys
  2 jellies
  A centaur zombie (D:5)
  A gnoll bouda (D:5)
  3 hounds
  2 bullfrog zombies (D:5)
  5 orc priests
  7 iguanas
  9 orc wizards
  A hound zombie (D:5)
  Robin (D:3)
  22 gnolls
  10 adders
  3 white imps
  3 ufetubi
  An adder zombie (D:5)
  2 worms
  A dart slug (D:4)
  28 orcs
  6 ball pythons
  4 endoplasms
  3 giant cockroaches
  24 goblins
  7 hobgoblins
  A jackal (D:1)
  3 quokkas
  12 bats
  3 frilled lizards (D:1)
  23 kobolds
  4 rats
  3 fulminant prisms (D:9)
266 creatures vanquished.

Vanquished Creatures (others)
  A killer bee (D:8)
  21 fulminant prisms
22 creatures vanquished.

Grand Total: 288 creatures vanquished

Table legend: (Time is in decaauts)
 A = Elapsed time spent in this place.
 B = Non-inter-level travel time spent in this place.
 C = Inter-level travel time spent in this place.
 D = Time resting spent in this place.
 E = Time spent auto-exploring this place.
 F = Levels seen in this place.
 G = Mean time per level.
                   A        B        C        D        E       F      G
               +--------+--------+--------+--------+--------+-----+--------+
         Total |  14633 |  12730 |   1903 |   1807 |   8336 |  12 | 1219.4 |
       Dungeon |  14129 |  12234 |   1895 |   1693 |   8166 |  10 | 1412.9 |
        Temple |    173 |    165 |      8 |      0 |    151 |   1 |  173.0 |
        Bailey |    330 |    330 |      0 |    114 |     18 |   1 |  330.0 |
               +--------+--------+--------+--------+--------+-----+--------+

Top non-repeatable levels by time:
     D:8: 3109 daAuts
     D:9: 1926 daAuts
     D:3: 1433 daAuts
     D:6: 1389 daAuts
     D:4: 1337 daAuts
     D:5: 1241 daAuts
     D:7: 1203 daAuts
     D:1: 1151 daAuts
     D:2: 1028 daAuts
  Bailey: 330 daAuts
    D:10: 308 daAuts
  Temple: 173 daAuts

Table legend:
 A = Non-vault XP
 B = Vault XP
 C = Vault XP percentage of total XP
 D = Non-vault monster count
 E = Vault monster count
 F = Vault count percentage of total count
                 A         B        C        D         E       F
            +---------+---------+-------+---------+---------+-------
      Total |   10773 |    2648 |  19.7 |     210 |      54 |  20.5
            +---------+---------+-------+---------+---------+-------
        D:1 |      40 |       6 |  13.0 |      25 |       4 |  13.8
        D:2 |     123 |       0 |   0.0 |      18 |       0 |   0.0
        D:3 |      88 |     266 |  75.1 |      20 |      17 |  45.9
        D:4 |     286 |      57 |  16.6 |      22 |       2 |   8.3
        D:5 |    1002 |     156 |  13.5 |      27 |       5 |  15.6
        D:6 |     767 |       0 |   0.0 |      18 |       0 |   0.0
        D:7 |     681 |       0 |   0.0 |      18 |       0 |   0.0
        D:8 |    2142 |       8 |   0.4 |      23 |       4 |  14.8
        D:9 |    4261 |     658 |  13.4 |      33 |       5 |  13.2
       D:10 |    1383 |     225 |  14.0 |       6 |       2 |  25.0
     Bailey |       0 |    1272 | 100.0 |       0 |      15 | 100.0
            +---------+---------+-------+---------+---------+-------
